 Dungeon Crawl Stone Soup version 0.30-a0-715-gdb4ae3ece1 (webtiles) character file.

Game seed: 7707076630895790129

1213 Armakuni the Summoner (level 8, -4/52 HPs)
             Began as a Human Summoner on Jan 19, 2023.
             Was an Initiate of the Shining One.
             Engulfed by a steam dragon's steam (8 damage)
             ... on level 6 of the Dungeon on Jan 23, 2023.
             The game lasted 00:21:00 (5249 turns).

Armakuni the Summoner (Human Summoner)              Turns: 5249, Time: 00:21:01

Health: -4/52      AC:  4    Str: 10    XL:     8   Next: 74%
Magic:  14/14      EV: 12    Int: 22    God:    the Shining One [......]
Gold:   315        SH:  0    Dex: 14    Spells: 6/15 levels left

rFire   . . .      SeeInvis +    a - +1 whip (elec)
rCold   + . .      Faith    +    (no shield)
rNeg    . . .      Spirit   .    c - +0 robe
rPois   .          Reflect  .    (no helmet)
rElec   .          Harm     .    l - +0 cloak
rCorr   +          Rampage  .    i - +0 pair of gloves
Will    .....                    (no boots)
Stlth   +                        U - amulet of faith
HPRegen 0.28/turn                I - +6 ring of intelligence
MPRegen 0.14/turn                K - ring of resist corrosion

@: confused, ambrosia-drunk, glowing
A: see invisible, cold resistance 1
a: Renounce Religion


You were on level 6 of the Dungeon.
You worshipped the Shining One.
The Shining One was noncommittal.
You visited 2 branches of the dungeon, and saw 7 of its levels.

You collected 315 gold pieces.

Inventory:

Hand Weapons
 a - a +1 whip of electrocution (weapon)
 b - a +1 dagger of venom
Missiles
 f - a throwing net
Armour
 c - a +0 robe (worn)
 i - a +0 pair of gloves (worn)
 k - a +3 scale mail of fire resistance
 l - a +0 cloak (worn)
 o - a scarf of resistance
Jewellery
 x - an amulet of regeneration
 I - a +6 ring of intelligence (left hand)
 K - a ring of resist corrosion (right hand)
 U - an amulet of faith (around neck)
Wands
 p - a wand of polymorph (3)
 r - a wand of roots (3)
Scrolls
 g - a scroll of enchant weapon
 m - 2 scrolls of amnesia
 n - 3 scrolls of teleportation
 q - a scroll of enchant armour
 t - 2 scrolls of fog
 v - a scroll of fear {unknown}
Potions
 e - 2 potions of magic
 h - 2 potions of mutation
 j - 2 potions of might
 u - a potion of lignification {unknown}
 w - a potion of berserk rage {unknown}


   Skills:
 - Level 2.0 Dodging
 - Level 2.0 Stealth
 - Level 4.0 Spellcasting
 - Level 10.0 Summonings
 + Level 0.5 Translocations


You had 6 spell levels left.
You knew the following spells:

 Your Spells              Type           Power      Damage    Failure   Level
b - Blink                 Tloc           12%        N/A       14%         2
k - Call Canine Familiar  Summ           48%        N/A       1%          3
l - Summon Lightning Spi  Summ/Air       26%        N/A       14%         4

Your spell library contained the following spells:

 Spells                   Type           Power      Damage    Failure   Level
 Summon Small Mammal      Summ           100%       N/A       1%          1
 Call Imp                 Summ           48%        N/A       1%          2
 Summon Guardian Golem    Hex/Summ       26%        N/A       4%          3
 Kiss of Death            Conj/Necr      16%        2d6       11%         1
 Magic Dart               Conj           16%        1d3       11%         1
 Shock                    Conj/Air       16%        1d4       11%         1
 Lesser Beckoning         Tloc           12%        N/A       14%         2
 Animate Armour           Summ/Erth      52%        N/A       14%         4
 Scorch                   Fire           8%         2d5       17%         2
 Searing Ray              Conj           8%         2d4       17%         2
 Gell's Gravitas          Tloc           6%         N/A       26%         3
 Teleport Other           Tloc           6%         N/A       26%         3
 Summon Cactus Giant      Summ           24%        N/A       28%         6
 Confusing Touch          Hex            4%         N/A       32%         3
 Stone Arrow              Conj/Erth      8%         3d7       32%         3
 Swiftness                Air            4%         N/A       32%         3
 Manifold Assault         Tloc           6%         N/A       65%         4
 Airstrike                Air            2%         2d(1-17)  73%         4
 Dispel Undead            Necr           4%         3d7       73%         4
 Flame Wave               Conj/Fire      4%         2d5       73%         4
 Fulminant Prism          Conj/Hex       2%         3d5       73%         4
 Storm Form               Tmut/Air       2%         N/A       100%        7
 Lehudib's Crystal Spear  Conj/Erth      2%         10d2      100%        8


Dungeon Overview and Level Annotations

Branches:
Dungeon (6/15)             Temple (1/1) D:5

Altars:
Ashenzari
Cheibriados
Dithmenos
Fedhas
Gozag
Hepliaklqana
Kikubaaqudgha
Makhleb
Nemelex Xobeh
Okawaru
Qazlal
Ru
Sif Muna
Trog
Uskayaw
Vehumet
Wu Jian
Xom
Yredelemnul
Zin
The Shining One

Shops:
D:6 (


Innate Abilities, Weirdness & Mutations

You have supernaturally acute eyesight. (SInv)
Your flesh is cold resistant. (rC+)


Message History

You closely miss the hound. Your wolf misses the hound.
The hound barely misses you.
Your wolf bites the hound but does no damage.
The hound bites you.
You hit the hound.
The hound is moderately wounded.
Your wolf barely misses the hound.
The hound bites you. The steam dragon bites you!
* * * LOW HITPOINT WARNING * * *
The steam dragon barely misses you.
Your wolf bites the hound!
The hound completely misses your wolf.
Okay, then.
Okay, then.
Unknown command.
You are confused.
You feel invigorated.
Your wolf misses the hound. The steam dragon breathes steam at you.
The ball of steam hits you!! The Shining One protects you from harm!
The hound closely misses your wolf.
Your wolf bites the hound!
The hound dies!
Training target 4.0 for Spellcasting reached!
Your Spellcasting skill increases to level 4!
You need to enable at least one skill for training.
You miss the steam dragon. The steam dragon bites you.
The steam dragon claws you.
Your wolf is engulfed in a cloud of scalding steam.
Your wolf closely misses the steam dragon.
You are engulfed in a cloud of scalding steam.
* * * LOW HITPOINT WARNING * * *
The steam dragon bites you!
* * * LOW HITPOINT WARNING * * *
The steam dragon claws you.
* * * LOW HITPOINT WARNING * * *
Your wolf is engulfed in a cloud of scalding steam.
Your wolf closely misses the steam dragon.
Okay, then.
Unknown command.
You are engulfed in a cloud of scalding steam.
You die...

...# ### ...# .# #..
....##.#
#.###......#....
#######..............
#...................
##..................#
......h..§...##.....##
......D@§§...##......###
.......#####.##.#.......
....... #.....)#.)..#
....... ##........###
..##### #....†...# #
#........# #....∩...###
#.....<.....
#.........##


You could see a steam dragon (catching breath, ally target) and a friendly wolf
(summoned).

Vanquished Creatures
  An ice beast (D:5)
  A phantom (D:3)
  A howler monkey (D:5)
  2 orc wizards (D:5)
  5 gnolls (D:5)
  4 adders
  A white imp (D:5)
  A worm (D:4)
  3 dart slugs
  14 orcs
  7 bats
  9 endoplasms
  2 giant cockroaches
  4 goblins
  6 hobgoblins
  4 jackals (D:1)
  3 quokkas
  6 ball pythons
  2 frilled lizards (D:2)
  8 kobolds
  5 rats
89 creatures vanquished.

Vanquished Creatures (collateral kills)
  2 ogres
  A centaur (D:6)
  A scorpion (D:4)
  2 necrophages
  A hound (D:6)
  3 jellies
  3 orc wizards (D:4)
  Terence (D:2)
  4 adders
  7 gnolls (D:5)
  7 orcs
  An endoplasm (D:3)
  A goblin (D:1)
  A ball python (D:1)
  A bat (D:3)
  A frilled lizard (D:3)
37 creatures vanquished.

Grand Total: 126 creatures vanquished

Notes
Turn   | Place    | Note
-------+----------+-------------------------------------------
     0 | D:1      | Armakuni the Human Summoner began the quest for the Orb.
     0 | D:1      | Reached XP level 1. HP: 13/13 MP: 3/3
   273 | D:1      | Reached XP level 2. HP: 15/19 MP: 5/5
   644 | D:1      | Reached XP level 3. HP: 23/24 MP: 6/6
   873 | D:1      | Reached skill level 5 in Summonings
   901 | D:1      | Found a faded altar of an unknown god.
  1223 | D:2      | Noticed Terence
  1230 | D:2      | Learned a level 3 spell: Call Canine Familiar
  1234 | D:2      | Killed Terence
  1235 | D:2      | Reached XP level 4. HP: 30/30 MP: 0/7
  2220 | D:3      | Noticed a phantom
  2232 | D:3      | Killed a phantom
  2233 | D:3      | Reached skill level 6 in Summonings
  2233 | D:3      | Reached XP level 5. HP: 26/35 MP: 5/8
  2354 | D:3      | You fall into a shaft and drop 2 floors!
  2354 | D:5      | Entered Level 5 of the Dungeon
  2399 | D:5      | Reached XP level 6. HP: 40/41 MP: 6/9
  2452 | D:5      | Reached skill level 7 in Summonings
  2481 | D:5      | Gained mutation: You have supernaturally acute eyesight.
                  | (SInv) [potion of mutation]
  2481 | D:5      | Gained mutation: Your flesh is cold resistant. (rC+)
                  | [potion of mutation]
  2798 | D:5      | Noticed an ice beast
  2817 | D:5      | Killed an ice beast
  2818 | D:5      | Reached skill level 8 in Summonings
  2818 | D:5      | Reached XP level 7. HP: 21/46 MP: 5/10
  3006 | D:5      | Found a staircase to the Ecumenical Temple.
  3015 | Temple   | Entered the Ecumenical Temple
  3175 | Temple   | Upgraded the game from 0.30-a0-691-g754fce4c43 to
                  | 0.30-a0-696-g2367cd04db
  3176 | Temple   | Upgraded the game from 0.30-a0-696-g2367cd04db to
                  | 0.30-a0-715-gdb4ae3ece1
  3197 | Temple   | Learned a level 4 spell: Summon Lightning Spire
  3197 | Temple   | Became a worshipper of the Shining One
  3381 | D:5      | Reached skill level 9 in Summonings
  3635 | D:4      | Reached XP level 8. HP: 52/52 MP: 7/11
  4657 | D:4      | Learned a level 2 spell: Blink
  4763 | D:4      | Reached skill level 10 in Summonings
  5137 | D:6      | Found Enak Cye's Antique Weapon Boutique.
  5144 | D:6      | Identified the +4 trident of Okawaru {venom, *Rage rPois
                  | rF- rN+++}
  5246 | D:6      | The Shining One protects you from harm!
  5249 | D:6      | Engulfed by a steam dragon's steam

Illustrated notes

Levels and vault maps discovered:
D:1:      heliophobic_arrival_battle_scene, layout_basic,
          hellmonk_ecumenical_altar_lost_god
D:2:      layout_loops_ring, minmay_quantized, uniq_terence
D:3:      layout_loops_ring, minmay_divided_ellipse
D:4:      layout_gridville, kennysheep_generic_room_12
D:5:      layout_rooms, minmay_temple_entry_nine_rooms, minmay_crystal_room
D:6:      layout_basic, serial_shops, shop, nrook_campfire
Temple:   nicolae_temple_bog_church

Skill      XL: |  1  2  3  4  5  6  7  8 |
---------------+-------------------------+-----
Summonings     | 5 6 8 9 10 | 10.0
Spellcasting   | 4 |  4.0
Dodging        | |  2.0
Stealth        | |  2.0
Translocations | |  0.5

Action                     |  1- 3 |  4- 6 |  7- 9 || total
---------------------------+-------+-------+-------++-------
  Melee: Dagger            |    70 |   162 |    15 ||   247
         Punch             |     1 |     1 |     1 ||     3
         Whip              |       |       |   107 ||   107
   Cast: Summon Small Mamm |     7 |       |       ||     7
         Call Canine Famil |     1 |    13 |    13 ||    27
  Evoke: Wand              |       |       |     1 ||     1
    Use: Scroll            |       |     1 |     8 ||     9
         Potion            |       |     4 |     2 ||     6
   Stab: Sleeping          |     3 |     4 |       ||     7
 Armour: Robe              |    10 |    35 |    32 ||    77
         Skin              |     2 |       |       ||     2
  Dodge: Dodged            |    41 |   110 |   109 ||   260

Table legend: (Time is in decaauts)
 A = Elapsed time spent in this place.
 B = Non-inter-level travel time spent in this place.
 C = Inter-level travel time spent in this place.
 D = Time resting spent in this place.
 E = Time spent auto-exploring this place.
 F = Levels seen in this place.
 G = Mean time per level.
                   A        B        C        D        E       F      G
               +--------+--------+--------+--------+--------+-----+--------+
         Total |   5269 |   4862 |    407 |    452 |   2253 |   7 |  752.7 |
       Dungeon |   5050 |   4666 |    384 |    452 |   2106 |   6 |  841.7 |
        Temple |    218 |    195 |     23 |      0 |    147 |   1 |  218.0 |
               +--------+--------+--------+--------+--------+-----+--------+

Top non-repeatable levels by time:
     D:1: 1185 daAuts
     D:4: 1071 daAuts
     D:5: 1012 daAuts
     D:3: 850 daAuts
     D:2: 817 daAuts
  Temple: 218 daAuts
     D:6: 112 daAuts
